 Dungeon Crawl Stone Soup version 0.19.4-8-ga85b6b9 (webtiles) character file.

805 empire the Skirmisher (level 7, 0/64 HPs)
             Began as a Minotaur Fighter on Feb 13, 2017.
             Was an Initiate of Okawaru.
             Killed by nerve-wracking pain
             ... invoked by an orc priest
              (2 damage)
             ... on level 4 of the Dungeon.
             The game lasted 00:10:27 (3543 turns).

empire the Skirmisher (Minotaur Fighter)            Turns: 3543, Time: 00:10:28

Health: 0/64       AC:  9    Str: 22    XL:     7   Next: 60%
Magic:  6/6        EV:  8    Int: 10    God:    Okawaru [......]
Gold:   150        SH: 10    Dex: 10    Spells: 0 memorised, 6 levels left

rFire  x . .     SeeInvis .     b - +0 long sword (curse)
rCold  + . .     Gourm    .     w - +0 scale mail
rNeg   . . .     Faith    .     c - +0 shield
rPois  .         Spirit   .     s - +2 hat
rElec  .         Reflect  .     (no cloak)
rCorr  .         Harm     .     (no gloves)
MR     .....                    (no boots)
Stlth  ..........               (no amulet)
                                (no ring)
                                i - ring of ice

@: brilliant, flying
A: retaliatory headbutt, horns 2
a: Renounce Religion


You were on level 4 of the Dungeon.
You worshipped Okawaru.
Okawaru was noncommittal.
You were not hungry.

You visited 1 branch of the dungeon, and saw 4 of its levels.
You also visited: Ossuary.

You collected 150 gold pieces.

Inventory:

Hand Weapons
 a - a +1 war axe
 b - a cursed +0 long sword (weapon)
 v - a +4 quarterstaff
 B - a +0 glaive
Armour
 c - a +0 shield (worn)
 s - a +2 hat (worn)
 w - a +0 scale mail (worn)
 y - a +0 troll leather armour {Purgy}
Jewellery
 i - a ring of ice (left hand)
 r - an uncursed amulet of harm
Wands
 e - a wand of polymorph (13/24)
Scrolls
 o - 4 scrolls of teleportation
 p - a scroll of enchant weapon
 t - a scroll of magic mapping
 z - a scroll of amnesia
 D - a scroll of enchant armour
Potions
 d - 3 potions of might
 h - 5 potions of haste {unknown}
 j - a potion of agility {unknown}
 k - a potion of curing {unknown}
 l - a potion of heal wounds {unknown}
 m - 2 potions of resistance
 n - 3 potions of lignification
 q - 2 potions of brilliance
 u - a potion of degeneration {unknown}
 A - 3 potions of flight
Comestibles
 f - 5 bread rations
 g - a royal jelly
 x - 2 chunks of flesh
 C - 2 meat rations


   Skills:
 + Level 6.6 Fighting
 + Level 5.1 Axes
 + Level 6.2 Armour
 + Level 6.1 Shields
 + Level 0.4 Invocations
 + Level 0.5 Evocations


You had 6 spell levels left.
You didn't know any spells.

Dungeon Overview and Level Annotations

Branches:
Dungeon (4/15)
 Temple: D:4-7

Altars:
Fedhas
Okawaru

Annotations:
D:3 1 runed door


Innate Abilities, Weirdness & Mutations

You reflexively headbutt those who attack you in melee.
You have a pair of horns on your head.


Message History

Unknown command.
You closely miss the orc priest.
The orc priest is almost dead.
The hound skeleton closely misses you. You block the orc's attack.
The orc priest mumbles some strange prayers to Beogh against you.
Beogh smites you!
* * * LOW HITPOINT WARNING * * *
The hound skeleton bites you but does no damage.
The orc hits you but does no damage.
It was a potion of brilliance.
You feel clever all of a sudden.
The hound skeleton bites you but does no damage.
The orc priest hits you but does no damage.
The orc barely misses you. You block the hound skeleton's attack.
It was a potion of flight.
You feel very buoyant.
You fly up into the air.
The orc priest invokes the aid of Beogh against you.
Pain shoots through your body!
You die...

..# #.# #.#
#.# # #.#
.#
#.##..###
###.oo..(..
#..@ZZ..#
#.#####.#
#.#[..#
#.#.#.#
#.#.#.#
#...#.#
#####.#
#<###.#
#.....#


You could see an orc priest, an orc, a jackal skeleton and a hound skeleton.

Vanquished Creatures
  A wraith (Ossuary)
  Eustachio (D:4)
  Purgy (D:3)
  Blork the orc (D:4)
  A hound (D:4)
  An orc wizard (D:4)
  An iguana (D:4)
  Ijyb (D:3)
  2 worker ants (D:4)
  2 mummies
  5 adders
  2 oozes
  A worm (D:3)
  3 leopard geckos (D:2)
  11 orcs
  2 giant cockroaches
  13 goblins
  8 hobgoblins
  4 jackals (D:2)
  6 kobolds
  2 quokkas
  11 bats
  4 frilled lizards
  4 gnoll skeletons (Ossuary)
  2 goblin zombies (D:4)
  6 kobold skeletons (Ossuary)
  15 orc skeletons (Ossuary)
  5 rats
116 creatures vanquished.

Notes
Turn   | Place    | Note
-------+----------+-------------------------------------------
     0 | D:1      | empire the Minotaur Fighter began the quest for the Orb.
     0 | D:1      | Reached XP level 1. HP: 19/19 MP: 0/0
   317 | D:1      | Reached XP level 2. HP: 27/27 MP: 1/1
   960 | D:2      | Reached XP level 3. HP: 31/33 MP: 2/2
  1308 | D:2      | Reached XP level 4. HP: 41/41 MP: 3/3
  1446 | D:4      | Noticed Eustachio
  1463 | D:4      | Reached XP level 5. HP: 36/47 MP: 4/4
  1520 | D:4      | Killed Eustachio
  1520 | D:4      | Reached skill level 5 in Fighting
  1520 | D:4      | Reached skill level 5 in Armour
  1520 | D:4      | Reached skill level 5 in Shields
  1520 | D:4      | Reached XP level 6. HP: 37/56 MP: 5/5
  1577 | D:4      | Found a sand-covered staircase.
  1584 | Ossuary  | Entered an ossuary
  1584 | Ossuary  | Noticed a wraith
  1584 | Ossuary  | Noticed a wraith
  1584 | Ossuary  | Noticed a wraith
  1932 | Ossuary  | Noticed a wraith
  1948 | Ossuary  | Killed a wraith
  1948 | Ossuary  | Reached XP level 7. HP: 55/62 MP: 6/6
  2088 | D:3      | Found a blossoming altar of Fedhas.
  2540 | D:3      | Noticed Purgy
  2546 | D:3      | Killed Purgy
  2546 | D:3      | Reached skill level 5 in Axes
  2703 | D:3      | Found a faded altar of an unknown god.
  2909 | D:3      | Found a runed door.
  3049 | D:3      | Found an iron altar of Okawaru.
  3067 | D:3      | Became a worshipper of Warmaster Okawaru
  3383 | D:3      | Noticed Ijyb
  3392 | D:3      | Killed Ijyb
  3511 | D:4      | Noticed Blork the orc
  3522 | D:4      | Killed Blork the orc
  3541 | D:4      | HP: 1/64 [orc priest/divine providence (14)]
  3543 | D:4      | Killed from afar by an orc priest

Skill      XL: |  1  2  3  4  5  6  7 |
---------------+----------------------+-----
Fighting       | 4 5 6 |  6.6
Armour         | 4 5 6 |  6.2
Shields        | 4 5 6 |  6.1
Axes           | 3 4 5 |  5.1
Invocations    | |  0.4
Evocations     | |  0.5

Action                   |  1- 3 |  4- 6 |  7- 9 || total
-------------------------+-------+-------+-------++-------
Melee: War axe           |    81 |   116 |    46 ||   243
       Headbutt          |    12 |    14 |    13 ||    39
       Long sword        |       |       |    58 ||    58
  Use: Scroll            |     2 |     4 |    10 ||    16
       Potion            |       |       |     2 ||     2
  Eat: Chunk             |     1 |     2 |     6 ||     9
Armor: Scale mail        |    39 |    69 |    60 ||   168
       Skin              |       |    27 |       ||    27
Dodge: Dodged            |    24 |    48 |    58 ||   130
Block: Shield            |    51 |    70 |    83 ||   204
       Rpst.: Long sword |       |       |    10 ||    10
